Map: Fracture LE

Players

Michael - Winner!

  • Race: Zerg Zerg
  • League: Gold
  • Spawn Location: 5:00

ZhangFei

  • Race: Zerg Zerg
  • League: Gold
  • Spawn Location: 11:00

VOD

Have the link to the VOD?

Description

Time

  • Played on: Oct. 7, 2018, 6:40 a.m.
  • Length: 9:27
Show
View Real Time Build Order
Export as new Build Order

Michael Zerg - Winner!

Build Orders: Pool First 

Get SALT Encoding   

  12  0:01  Drone  
  13  0:12  Overlord  
  13  0:17  Drone  
  14  0:31  Drone x2  
  14  0:34  Drone  
  17  0:38  Extractor  
  16  0:45  Drone  
  17  0:51  Spawning Pool  
  17  0:56  Drone  
  17  1:07  Drone  
  18  1:24  Hatchery  
  17  1:27  Drone  
  18  1:38  Queen  
  20  1:43  Metabolic Boost  
  20  1:47  Zergling x2  
  20  1:50  Zergling x2  
  22  1:57  Overlord  
  22  2:15  Queen  
  22  2:19  Drone x2  
  27  2:22  Zergling x2  
  27  2:33  Roach Warren  
  26  2:37  Drone  
  26  2:39  Extractor  
  26  2:40  Drone  
  27  2:47  Drone  
  27  2:48  Drone x2  
  30  2:55  Overlord  
  30  3:07  Drone x2  
  30  3:08  Drone  
  33  3:14  Drone, Spine Crawler  
  30  3:34  Drone x4  
  30  3:35  Drone x4  
  30  3:38  Overlord  
  38  3:43  Roach  
  40  3:49  Lair  
  40  3:54  Roach  
  42  3:56  Roach  
  42  3:59  Roach  
  42  4:02  Overlord  
  46  4:08  Drone x3  
  49  4:10  Drone  
  49  4:11  Drone  
  49  4:13  Drone  
  52  4:17  Overlord  
  52  4:22  Queen  
  54  4:25  Overlord  
  54  4:36  Evolution Chamber  
  54  4:37  Roach x4  
  61  4:39  Roach  
  63  4:49  Glial Reconstitution  
  63  4:50  Hydralisk Den  
  63  4:51  Roach x2  
  66  4:54  Roach  
  68  5:07  Overlord x2  
  68  5:20  Extractor  
  68  5:21  Extractor, Zerg Ground Armor Level 1, Queen  
  68  5:30  Roach x2  
  70  5:51  Roach x3  
  70  5:52  Roach  
  70  5:53  Roach  
  80  5:59  Queen  
  82  6:06  Hatchery  
  81  6:16  Drone x4, Hatchery  
  84  6:21  Drone x2  
  84  6:23  Overlord x2  
  84  6:24  Overlord  
  82  6:35  Roach  
  82  6:36  Roach  
  82  6:37  Roach  
  80  6:41  Muscular Augments  
  80  6:45  Drone x2  
  78  6:47  Drone  
  78  6:48  Drone  
  78  6:49  Drone x2  
  78  6:51  Queen  
  82  6:55  Queen  
  84  7:15  Zerg Missile Weapons Level 1  
  82  7:35  Spire  
  82  7:36  Hydralisk x4  
  89  7:39  Zergling x2  
  89  7:40  Zergling x22  
  101  7:45  Queen  
  101  7:49  Queen  
  105  7:53  Grooved Spines  
  105  8:04  Hydralisk x4  
  113  8:06  Hydralisk  
  115  8:23  Infestation Pit  
  114  8:32  Drone x6  
  114  8:34  Overlord x3  
  120  8:42  Overlord  
  120  8:43  Overlord  
  120  8:54  Drone x7  
  120  8:55  Drone  
  128  8:57  Drone  
  128  9:00  Overlord  
  129  9:04  Overlord  
Show
View Real Time Build Order
Export as new Build Order

ZhangFei Zerg 

Build Orders: Hatch First 

Get SALT Encoding   

  12  0:01  Drone  
  13  0:13  Overlord  
  13  0:25  Drone  
  14  0:34  Drone x2  
  16  0:40  Drone  
  17  0:56  Hatchery  
  16  0:58  Drone  
  16  1:04  Extractor  
  16  1:05  Drone  
  17  1:18  Spawning Pool  
  17  1:24  Drone x2  
  18  1:29  Evolution Chamber  
  17  1:34  Drone  
  18  1:41  Drone  
  19  1:53  Drone  
  20  2:11  Drone  
  20  2:13  Queen  
  23  2:17  Baneling Nest, Drone x2, Spine Crawler  
  23  2:23  Extractor  
  23  2:25  Drone  
  23  2:30  Queen  
  23  2:34  Zergling x2  
  26  2:42  Zergling x4  
  28  2:57  Metabolic Boost  
  28  3:09  Baneling  
  28  3:10  Baneling  
  28  3:16  Overlord x2  
  24  3:40  Drone x3  
  27  3:45  Extractor  
  27  3:46  Drone x3  
  29  3:57  Lair  
  29  4:01  Pneumatized Carapace  
  29  4:04  Zergling x2  
  30  4:18  Drone x3  
  30  4:19  Drone  
  34  4:25  Drone x2  
  36  4:34  Drone x2  
  38  5:12  Hydralisk Den  
  37  5:15  Hatchery, Zerg Ground Armor Level 1  
  37  5:18  Spine Crawler  
  37  5:19  Spine Crawler  
  37  5:20  Drone x2  
  36  5:23  Drone x2  
  36  5:27  Queen  
  38  5:41  Zergling x8  
  36  5:52  Zergling x6  
  34  6:07  Hydralisk  
  33  6:24  Hydralisk x2  
  36  6:42  Zergling x2  
  36  6:43  Zergling x4  
  35  6:52  Zergling x6  
  32  7:02  Drone  
  32  7:07  Zergling x2  
  32  7:08  Zergling x2  
  23  7:16  Zergling x2  
  23  7:22  Extractor  
  14  7:24  Extractor  
  11  7:33  Drone  
  11  7:34  Drone  
  12  7:39  Baneling Nest  
  11  7:45  Drone x2  
  13  7:56  Drone  
  14  8:07  Spawning Pool  
  13  8:17  Drone  
  13  8:18  Drone  
  15  8:29  Queen  
  17  8:37  Drone  
  18  8:48  Drone  
  19  8:56  Drone  
  21  9:02  Drone  
  21  9:16  Hatchery  
Tags
 
League
GoldGold
Matchup
ZvZ
Race
Zerg
Spawn Locations
Cross Positions
Add a new tag
Caveats
  • Supply blocks, unpowered buildings, or Contaminate may cause inaccurate times.
  • Supply counts are checked every 10 seconds.